AoeStats
← Marbas

Black Forest

507828253Analyzed
4v4 RM · 12d ago on Sep 19, 2026· 53m 48s· 8 players
Game mode
Random Map
Map size
Large (8 player)
Population
200
Speed
Normal
Resources
Standard
Victory
Conquest
Starting age
Dark Age
Ending age
Imperial Age
RankedLock teamsTeams togetherTeam positionsShared explorationLock speedFull tech treeHidden civsTurbo modeCheats
Victory
Defeat
🇷🇺 Teutons · Russia
1785
+11
🇨🇳 Gurjaras · China
1740
+13
🇮🇹 Magyars · Italy
1664
+16
🇷🇺 Maya · Russia
1663
+16
🇺🇸 Wei · United States
1801
-19
🇮🇳 Khitans · India
1741
-17
🇮🇳 Romans · India
1654
-13
🇮🇳 Persians · India
1457
-7
tim.13
7:37 Loom
11:27 Feudal Age
12:16 Double-Bit Axe
15:33 Castle Age
13:28 Gold Mining
14:20 Horse Collar
15:53 Wheelbarrow
16:39 Bow Saw
17:11 Gold Shaft Mining
27:04 Bloodlines
28:05 Scale Barding Armor
29:16 Chain Barding Armor
29:07 Forging
30:00 Husbandry
34:43 Imperial Age
34:42 Iron Casting
34:49 Heavy Camel Rider
36:06 Plate Barding Armor
35:53 Town Watch
36:24 Hand Cart
38:57 Scale Mail Armor
39:15 Light Cavalry
39:35 Heavy Scorpion
39:38 Siege Elephant
41:39 Chain Mail Armor
42:39 Chemistry
42:00 Ballistics
42:05 Conscription
41:14 Hussar
41:40 Elite Chakram Thrower
42:54 Plate Mail Armor
42:37 Stone Mining
42:53 Caravan
44:14 Hussar
49:11 Kshatriyas
50:37 Fletching
Remo
3:14 Loom
13:08 Feudal Age
14:04 Double-Bit Axe
14:01 Horse Collar
14:55 Man-at-Arms
23:16 Castle Age
23:21 Light Cavalry
24:28 Pikeman
30:23 Heavy Plow
31:07 Wheelbarrow
35:20 Fletching
35:31 Padded Archer Armor
38:19 Imperial Age
38:17 Ballistics
39:31 Parthian Tactics
39:45 Bodkin Arrow
40:05 Leather Archer Armor
39:59 Thumb Ring
40:27 Heavy Cavalry Archer
42:00 Hand Cart
41:31 Town Watch
44:35 Chemistry
44:28 Recurve Bow
45:48 Caravan
46:23 Bloodlines
46:13 Husbandry
45:55 Capped Ram
47:01 Onager
Marbas
0:26 Loom
12:49 Feudal Age
13:24 Double-Bit Axe
13:08 Man-at-Arms
16:28 Fletching
18:44 Castle Age
17:25 Horse Collar
18:01 Man-at-Arms
18:47 Crossbowman
20:16 Bodkin Arrow
21:57 Bow Saw
29:48 Gold Mining
32:25 Thumb Ring
35:26 Imperial Age
33:32 Wheelbarrow
33:21 Ballistics
34:02 Padded Archer Armor
36:14 Bracer
37:16 Chemistry
37:04 Thumb Ring
36:22 Arbalester
39:42 Leather Archer Armor
42:33 Ring Archer Armor
42:01 Elite Skirmisher
43:09 Scale Mail Armor
43:19 Forging
44:12 Squires
45:43 Masonry
46:03 Conscription
46:24 Chain Mail Armor
46:44 Iron Casting
48:05 Hand Cart
49:45 Plate Mail Armor
51:04 Eagle Warrior
52:15 Elite Eagle Warrior
PLEBUSHEK
11:57 Feudal Age
15:35 Castle Age
13:37 Double-Bit Axe
14:03 Horse Collar
16:29 Bow Saw
19:40 Scale Barding Armor
21:35 Redemption
22:28 Sanctity
23:14 Loom
26:40 Wheelbarrow
26:55 Town Watch
29:30 Hand Cart
29:25 Scale Mail Armor
29:35 Forging
29:25 Scale Mail Armor
29:35 Forging
29:19 Stone Mining
29:29 Gold Mining
30:39 Stone Shaft Mining
33:16 Imperial Age
31:06 Chain Mail Armor
31:28 Masonry
32:33 Iron Casting
32:03 Squires
31:52 Arson
32:11 Heavy Plow
35:07 Two-Man Saw
34:23 Siege Engineers
34:57 Block Printing
35:10 Conscription
35:54 Crenellations
35:46 Fervor
36:02 Illumination
36:14 Theocracy
36:28 Hoardings
38:04 Plate Mail Armor
38:37 Blast Furnace
37:41 Fletching
38:14 Elite Teutonic Knight
39:13 Fletching
40:34 Bodkin Arrow
41:01 Ballistics
41:42 Chemistry
41:35 Chain Barding Armor
40:36 Cavalier
41:26 Bloodlines
43:21 Plate Barding Armor
42:07 Paladin
49:16 Guilds
Valar
2:41 Loom
14:22 Feudal Age
14:58 Double-Bit Axe
18:05 Castle Age
17:48 Horse Collar
19:19 Bow Saw
28:11 Wheelbarrow
30:18 Heavy Plow
31:13 Scale Mail Armor
31:38 Forging
41:47 Hand Cart
46:12 Imperial Age
46:51 Fortified Wall
46:52 Masonry
46:59 Caravan
48:37 Scale Barding Armor
50:59 Heavy Scorpion
52:13 Ballistics
52:54 Chemistry
52:00 Siege Engineers
52:26 Architecture
Kappa
11:03 Feudal Age
12:28 Double-Bit Axe
12:26 Domestication
14:53 Castle Age
15:49 Bow Saw
17:07 Wheelbarrow
25:09 Devotion
25:40 Pastoralism
26:15 Hand Cart
30:41 Imperial Age
28:43 Scale Mail Armor
28:53 Forging
28:40 Loom
29:37 Town Watch
30:10 Chain Mail Armor
30:14 Gold Mining
30:15 Stone Mining
31:40 Stone Shaft Mining
32:31 Two-Man Saw
32:02 Transhumance
31:42 Caravan
31:58 Squires
31:43 Arson
32:13 Pikeman
35:32 Plate Mail Armor
35:10 Lamellar Armor
35:47 Iron Casting
35:34 Conscription
35:34 Elite Fire Lancer
36:21 Heavy Rocket Cart
42:39 Siege Engineers
44:17 Chemistry
43:50 Coinage
46:01 Masonry
45:32 Treadmill Crane
45:43 Guard Tower
45:47 Fletching
46:31 Ballistics
46:56 Banking
47:23 Bodkin Arrow
52:14 Bracer
Chaos
7:00 Loom
11:55 Feudal Age
12:51 Double-Bit Axe
15:41 Castle Age
13:35 Horse Collar
15:34 Forging
18:04 Forging
19:25 Bow Saw
19:06 Light Cavalry
23:07 Scale Barding Armor
25:17 Bloodlines
26:39 Iron Casting
30:43 Wheelbarrow
32:52 Chain Barding Armor
33:01 Scale Mail Armor
35:56 Imperial Age
32:59 Pikeman
33:39 Squires
34:25 Chain Mail Armor
35:07 Fletching
35:37 Halberdier
36:49 Plate Mail Armor
37:27 Coinage
37:04 Capped Ram
38:42 Arson
39:16 Heavy Scorpion
39:33 Heavy Scorpion
40:48 Hand Cart
42:45 Ballistics
43:26 Chemistry
43:15 Conscription
42:51 Siege Ram
43:53 Caravan
44:56 Murder Holes
45:11 Masonry
45:40 Gold Mining
47:19 Bodkin Arrow
48:25 Blast Furnace
49:05 Gambesons
E@GLE
0:34 Loom
12:10 Feudal Age
12:40 Double-Bit Axe
12:37 Horse Collar
17:20 Wheelbarrow
21:11 Castle Age
19:33 Gold Mining
20:22 Stone Mining
22:15 Bow Saw
22:06 Heavy Plow
23:56 Hand Cart
31:49 Gold Shaft Mining
31:50 Stone Shaft Mining
34:37 Imperial Age
32:00 Fletching
32:52 Ballistics
32:34 Padded Archer Armor
33:11 Tuntian
33:38 Thumb Ring
33:45 Bodkin Arrow
34:32 Bloodlines
35:26 Bracer
36:28 Chemistry
35:50 Conscription
36:00 Parthian Tactics
35:56 Leather Archer Armor
36:40 Hoardings
37:24 Ming Guang Armor
37:41 Hoardings
37:43 Ring Archer Armor
38:15 Caravan
38:45 Coinage
37:52 Elite Skirmisher
40:21 Banking
41:10 Scale Mail Armor
41:17 Scale Barding Armor
41:23 Forging
41:42 Masonry
41:27 Murder Holes
43:01 Husbandry
43:23 Chain Barding Armor
43:39 Iron Casting
42:25 Light Cavalry
47:25 Blast Furnace
45:47 Hussar
48:56 Scale Mail Armor
50:42 Chain Mail Armor
51:15 Treadmill Crane
52:17 Heavy Scorpion
Connection lost

Rejoining the realm…

Still unreachable

The connection could not be restored.

Session expired

The server has moved on; the page needs a fresh start.